| TOP OF THE 1ST |
|
Palm Beach Nationals batting - Pitching for Portland Angels : RHP Nick Kempson
|
|
Pitching: RHP Nick Kempson
|
|
|
Batting: LHB Chris Williams
|
0-0: Ball 1-0: Called Strike 1-1: Foul Ball, location: 2F 1-2: Ball 2-2: Foul Ball, location: 2F 2-2: Fly out, F7 (Flyball, 78M, EV 90.0 MPH)
|
|
Batting: RHB Justin Davenport
|
0-0: Called Strike 0-1: Swinging Strike 0-2: Foul Ball, location: 2F 0-2: Strikes out swinging
|
|
Batting: RHB Er Le
|
0-0: Called Strike 0-1: Ball 1-1: Ball 2-1: Ground out U3 (Groundball, 3, EV 98.8 MPH)
|
| Top of the 1st over - 0 runs, 0 hits, 0 errors, 0 left on base; Palm Beach 0 - Portland 0 |
| BOTTOM OF THE 1ST |
|
Portland Angels batting - Pitching for Palm Beach Nationals : LHP Danny Juarez
|
|
Pitching: LHP Danny Juarez
|
|
|
Batting: RHB Aaron Bryant
|
0-0: Ball 1-0: Called Strike 1-1: Ball 2-1: Called Strike 2-2: Strikes out looking
|
|
Batting: RHB Carlos Gonzales
|
0-0: Ball 1-0: Ball 2-0: SINGLE (Line Drive, 34D, EV 103.1 MPH)
|
|
Batting: LHB Dave Hicks
|
0-0: Ball 1-0: DOUBLE (Groundball, 3L, EV 100.0 MPH) Carlos Gonzales to third Runner from 3rd tries for Home, SAFE, throw by RF to home
|
|
Batting: RHB Dan Thomey
|
0-0: Called Strike 0-1: Ball 1-1: Ball 2-1: Foul Ball, location: 2F 2-2: Ball 3-2: Base on Balls
|
|
Batting: LHB Ramon Garduno
|
0-0: Ball Dave Hicks steals 3rd base 1-0: Ball 2-0: Fly out, F5 (Popup, 56S, EV 76.9 MPH)
|
|
Batting: LHB Bill Girton
|
0-0: Called Strike 0-1: Ball 1-1: Fly out, F8 (Flyball, 78D, EV 89.4 MPH)
|
| Bottom of the 1st over - 1 run, 2 hits, 0 errors, 2 left on base; Palm Beach 0 - Portland 1 |
| TOP OF THE 2ND |
|
Palm Beach Nationals batting - Pitching for Portland Angels : RHP Nick Kempson
|
|
Batting: RHB Chad Madsen
|
0-0: Called Strike 0-1: Ball 1-1: Ball 2-1: Ball 3-1: Base on Balls
|
|
Batting: RHB Aaron Bateman
|
0-0: Fly out, F8 (Line Drive, 8LS, EV 96.2 MPH)
|
|
Batting: RHB Steve Kunselman
|
0-0: Ball 1-0: Called Strike 1-1: Foul Ball, location: 2F 1-2: Hit by Pitch Chad Madsen to second
|
|
Batting: RHB Scott Merritt
|
0-0: Called Strike 0-1: Ball 1-1: Called Strike 1-2: Reached on error, E6 (Groundball, 6S, EV 88.1 MPH) Chad Madsen to third Steve Kunselman to second
|
|
Batting: RHB Kenny Ball
|
0-0: Ball 1-0: Foul Ball, location: 2F 1-1: Ball 2-1: Fly out, F8 (Flyball, 8RD, EV 91.9 MPH) Runner from 3rd tags up, SCORES, throw by CF
|
|
Batting: RHB Joe Simmelink
|
0-0: Fly out, F9 (Flyball, 9, EV 92.5 MPH)
|
| Top of the 2nd over - 1 run, 0 hits, 1 error, 2 left on base; Palm Beach 1 - Portland 1 |
| BOTTOM OF THE 2ND |
|
Portland Angels batting - Pitching for Palm Beach Nationals : LHP Danny Juarez
|
|
Batting: RHB Alex Rosaly
|
0-0: Ball 1-0: Foul Ball, location: 2F 1-1: Ground out 6-3 (Groundball, 6, EV 81.2 MPH)
|
|
Batting: RHB Rory Cobb
|
0-0: Ball 1-0: Called Strike 1-1: Swinging Strike 1-2: Strikes out swinging
|
|
Batting: RHB Mario Martinez
|
0-0: Ball 1-0: Swinging Strike 1-1: Ball 2-1: Swinging Strike 2-2: Ball 3-2: Base on Balls
|
|
Batting: RHB Aaron Bryant
|
0-0: SINGLE (Flyball, 4D, EV 90.0 MPH) Mario Martinez to second
|
|
Batting: RHB Carlos Gonzales
|
0-0: Called Strike 0-1: Ball 1-1: Ball 2-1: Ball 3-1: Swinging Strike 3-2: Foul Ball, location: 2F 3-2: Strikes out swinging
|
| Bottom of the 2nd over - 0 runs, 1 hit, 0 errors, 2 left on base; Palm Beach 1 - Portland 1 |
| TOP OF THE 3RD |
|
Palm Beach Nationals batting - Pitching for Portland Angels : RHP Nick Kempson
|
|
Batting: LHB Chris Williams
|
0-0: Ball 1-0: Ball 2-0: SINGLE (Groundball, 34D, EV 100.6 MPH)
|
|
Batting: RHB Justin Davenport
|
0-0: Called Strike Chris Williams steals 2nd base 0-1: Ball Passed Ball! Chris Williams to third 1-1: Ball 2-1: Fly out, F9 (Flyball, 9, EV 93.1 MPH)
|
|
Batting: RHB Er Le
|
0-0: Ball 1-0: Foul Ball, location: 2F 1-1: Foul Ball, location: 2F 1-2: Ball 2-2: Foul Ball, location: 2F 2-2: Strikes out swinging
|
|
Batting: RHB Chad Madsen
|
0-0: Ball 1-0: Called Strike 1-1: Ball 2-1: Foul Ball, location: 2F 2-2: DOUBLE (Line Drive, 9LM, EV 110.0 MPH) Chris Williams scores
|
|
Batting: RHB Aaron Bateman
|
0-0: Ball 1-0: Ball 2-0: Called Strike 2-1: Foul Ball, location: 2F 2-2: Strikes out swinging
|
| Top of the 3rd over - 1 run, 2 hits, 0 errors, 1 left on base; Palm Beach 2 - Portland 1 |
| BOTTOM OF THE 3RD |
|
Portland Angels batting - Pitching for Palm Beach Nationals : LHP Danny Juarez
|
|
Batting: LHB Dave Hicks
|
0-0: Called Strike 0-1: Called Strike 0-2: Ball 1-2: Hit by Pitch
|
|
Batting: RHB Dan Thomey
|
0-0: Ball 1-0: Fly out, F8 (Flyball, 8RS, EV 82.5 MPH)
|
|
Batting: LHB Ramon Garduno
|
0-0: Called Strike Dave Hicks steals 2nd base 0-1: Foul Ball, location: 2F 0-2: Ball 1-2: Ball 2-2: Ball 3-2: Ground out U3 (Groundball, 3, EV 80.0 MPH) Dave Hicks to third
|
|
Batting: LHB Bill Girton
|
0-0: Reached on error, E4 (Groundball, 4, EV 104.4 MPH) Dave Hicks scores
|
|
Batting: RHB Alex Rosaly
|
0-0: Ball 1-0: Fielders Choice at 2nd, 6-4 (Groundball, 6, EV 98.1 MPH)
|
| Bottom of the 3rd over - 1 run, 0 hits, 1 error, 1 left on base; Palm Beach 2 - Portland 2 |
| TOP OF THE 4TH |
|
Palm Beach Nationals batting - Pitching for Portland Angels : RHP Nick Kempson
|
|
Batting: RHB Steve Kunselman
|
0-0: Called Strike 0-1: Ball 1-1: Foul Ball, location: 2F 1-2: Ball 2-2: Strikes out looking
|
|
Batting: RHB Scott Merritt
|
0-0: Ball 1-0: Called Strike 1-1: Ball 2-1: Ball 3-1: Called Strike 3-2: Fly out, F8 (Line Drive, 8RD, EV 95.6 MPH)
|
|
Batting: RHB Kenny Ball
|
0-0: Swinging Strike 0-1: Ball 1-1: Ground out 6-3 (Groundball, 6, EV 82.5 MPH)
|
| Top of the 4th over - 0 runs, 0 hits, 0 errors, 0 left on base; Palm Beach 2 - Portland 2 |
| BOTTOM OF THE 4TH |
|
Portland Angels batting - Pitching for Palm Beach Nationals : LHP Danny Juarez
|
|
Batting: RHB Rory Cobb
|
0-0: Called Strike 0-1: Ground out 6-3 (Groundball, 6, EV 86.9 MPH)
|
|
Batting: RHB Mario Martinez
|
0-0: Called Strike 0-1: Ball 1-1: Fly out, F7 (Flyball, 7S, EV 85.0 MPH)
|
|
Batting: RHB Aaron Bryant
|
0-0: Foul Ball, location: 2F 0-1: Ball 1-1: Ball 2-1: Foul Ball, location: 2F 2-2: Foul Ball, location: 2F 2-2: Ball 3-2: SINGLE (Line Drive, 78S, EV 86.9 MPH)
|
|
Batting: RHB Carlos Gonzales
|
0-0: Foul Ball, location: 2F 0-1: Ball 1-1: Foul Ball, location: 2F 1-2: Foul Ball, location: 2F 1-2: Fly out, F8 (Flyball, 78M, EV 81.2 MPH)
|
| Bottom of the 4th over - 0 runs, 1 hit, 0 errors, 1 left on base; Palm Beach 2 - Portland 2 |
| TOP OF THE 5TH |
|
Palm Beach Nationals batting - Pitching for Portland Angels : RHP Nick Kempson
|
|
Batting: RHB Joe Simmelink
|
0-0: Ground out 6-3 (Groundball, 6M, EV 95.6 MPH)
|
|
Batting: LHB Chris Williams
|
0-0: Ball 1-0: Ball 2-0: Ball 3-0: Called Strike 3-1: Base on Balls
|
|
Batting: RHB Justin Davenport
|
0-0: Ball Wild Pitch! Chris Williams to second 1-0: Ball 2-0: Called Strike 2-1: Foul Ball, location: 2F 2-2: Fly out, F8 (Flyball, 8LXD, EV 100.6 MPH) Runner from 2nd tags up, SAFE at 3rd, no throw by CF
|
|
Batting: RHB Er Le
|
0-0: Foul Ball, location: 2F 0-1: Ball Passed Ball! Chris Williams scores 1-1: Called Strike 1-2: Ball 2-2: Strikes out swinging
|
| Top of the 5th over - 1 run, 0 hits, 0 errors, 0 left on base; Palm Beach 3 - Portland 2 |
| BOTTOM OF THE 5TH |
|
Portland Angels batting - Pitching for Palm Beach Nationals : LHP Danny Juarez
|
|
Batting: LHB Dave Hicks
|
0-0: Ball 1-0: Ball 2-0: Foul Ball, location: 2F 2-1: Ball 3-1: Base on Balls
|
|
Batting: RHB Dan Thomey
|
0-0: Foul Ball, location: 2F 0-1: Ball 1-1: Ball 2-1: Called Strike 2-2: Strikes out looking
|
|
Batting: LHB Ramon Garduno
|
0-0: Foul Ball, location: 2F 0-1: Ball 1-1: Ball 2-1: Ball 3-1: Base on Balls Dave Hicks to second
|
|
Batting: LHB Bill Girton
|
0-0: Called Strike 0-1: Foul Ball, location: 2F 0-2: Ball 1-2: Ball 2-2: Foul Ball, location: 2F 2-2: Fly out, F7 (Line Drive, 78M, EV 88.1 MPH)
|
|
Batting: RHB Alex Rosaly
|
0-0: Called Strike 0-1: Ball 1-1: Ball 2-1: Called Strike 2-2: Ball 3-2: SINGLE (Groundball, 56D, EV 94.4 MPH) Dave Hicks to third Ramon Garduno to second Dave Hicks scores Ramon Garduno to third
|
|
Batting: RHB Rory Cobb
|
0-0: Foul Ball, location: 2F 0-1: Fly out, F8 (Flyball, 89M, EV 85.0 MPH)
|
| Bottom of the 5th over - 1 run, 1 hit, 0 errors, 2 left on base; Palm Beach 3 - Portland 3 |
| TOP OF THE 6TH |
|
Palm Beach Nationals batting - Pitching for Portland Angels : RHP Nick Kempson
|
|
Batting: RHB Chad Madsen
|
0-0: Swinging Strike 0-1: Fly out, F8 (Flyball, 8RD, EV 84.4 MPH)
|
|
Batting: RHB Aaron Bateman
|
0-0: Called Strike 0-1: Swinging Strike 0-2: Ball 1-2: Strikes out looking
|
|
Batting: RHB Steve Kunselman
|
0-0: Ball 1-0: Ball 2-0: Called Strike 2-1: Foul Ball, location: 2F 2-2: Ball 3-2: SOLO HOME RUN (Line Drive, 7D, EV 97.5 MPH), Distance : 351 ft
|
|
Batting: RHB Scott Merritt
|
0-0: Foul Ball, location: 2F 0-1: Fly out, F7 (Line Drive, 7S, EV 98.1 MPH)
|
| Top of the 6th over - 1 run, 1 hit, 0 errors, 0 left on base; Palm Beach 4 - Portland 3 |
| BOTTOM OF THE 6TH |
|
Portland Angels batting - Pitching for Palm Beach Nationals : LHP Danny Juarez
|
|
Batting: RHB Mario Martinez
|
0-0: Ball 1-0: Foul Ball, location: 2F 1-1: Swinging Strike 1-2: Ball 2-2: Strikes out swinging
|
|
Batting: RHB Aaron Bryant
|
0-0: Ball 1-0: Ball 2-0: Ball 3-0: Base on Balls
|
|
Batting: RHB Carlos Gonzales
|
0-0: Called Strike 0-1: Ball 1-1: Swinging Strike 1-2: Strikes out swinging
|
|
Batting: LHB Dave Hicks
|
0-0: Ball 1-0: SINGLE (Groundball, 34S, EV 70.6 MPH) (infield hit) Aaron Bryant to second
|
|
Batting: RHB Dan Thomey
|
0-0: Called Strike 0-1: Ball 1-1: Swinging Strike 1-2: Ball 2-2: Ball 3-2: 3-RUN HOME RUN (Flyball, 7D, EV 94.4 MPH), Distance : 357 ft
|
|
Pitching: RHP Ramiro Ramirez
|
|
|
Batting: LHB Ramon Garduno
|
0-0: Called Strike 0-1: Ball 1-1: Foul Ball, location: 2F 1-2: Strikes out swinging
|
| Bottom of the 6th over - 3 runs, 2 hits, 0 errors, 0 left on base; Palm Beach 4 - Portland 6 |
| TOP OF THE 7TH |
|
Palm Beach Nationals batting - Pitching for Portland Angels : RHP Nick Kempson
|
|
Batting: RHB Kenny Ball
|
0-0: Called Strike 0-1: Foul Ball, location: 2F 0-2: Foul Ball, location: 2F 0-2: Ball 1-2: Ball 2-2: Strikes out swinging
|
|
Batting: RHB Joe Simmelink
|
0-0: Ball 1-0: Ball 2-0: Called Strike 2-1: Ball 3-1: Foul Ball, location: 2F 3-2: Strikes out swinging
|
|
Batting: LHB Chris Williams
|
0-0: Foul Ball, location: 2F 0-1: Ball 1-1: Ball 2-1: Ball 3-1: Base on Balls
|
|
Batting: RHB Justin Davenport
|
0-0: Ball Chris Williams steals 2nd base 1-0: Fly out, F3 (Popup, 3SF, EV 77.5 MPH)
|
| Top of the 7th over - 0 runs, 0 hits, 0 errors, 1 left on base; Palm Beach 4 - Portland 6 |
| BOTTOM OF THE 7TH |
|
Portland Angels batting - Pitching for Palm Beach Nationals : RHP Ramiro Ramirez
|
|
Batting: LHB Bill Girton
|
0-0: Foul Ball, location: 2F 0-1: Foul Ball, location: 2F 0-2: Ball 1-2: Foul Ball, location: 2F 1-2: Ball 2-2: SINGLE (Groundball, 34D, EV 100.6 MPH)
|
|
Batting: RHB Alex Rosaly
|
0-0: Sac Bunt to 2R - play at first, batter OUT! 2-3 Bill Girton to second
|
|
Batting: RHB Rory Cobb
|
0-0: Called Strike 0-1: 2-RUN HOME RUN (Flyball, 78XD, EV 96.2 MPH), Distance : 381 ft
|
|
Batting: RHB Mario Martinez
|
0-0: Ball 1-0: SINGLE (Line Drive, 4MD, EV 95.6 MPH)
|
|
Batting: RHB Aaron Bryant
|
0-0: Ball 1-0: Fly out, F8 (Flyball, 8RM, EV 98.1 MPH)
|
|
Batting: RHB Carlos Gonzales
|
0-0: Fly out, F5 (Popup, 56S, EV 84.4 MPH)
|
| Bottom of the 7th over - 2 runs, 3 hits, 0 errors, 1 left on base; Palm Beach 4 - Portland 8 |
| TOP OF THE 8TH |
|
Palm Beach Nationals batting - Pitching for Portland Angels : RHP Nick Kempson
|
|
Batting: RHB Er Le
|
0-0: Ball 1-0: Foul Ball, location: 2F 1-1: Ball 2-1: Swinging Strike 2-2: Ball 3-2: Base on Balls
|
|
Batting: RHB Chad Madsen
|
0-0: 2-RUN HOME RUN (Flyball, 78XD, EV 94.4 MPH), Distance : 368 ft
|
|
Batting: RHB Aaron Bateman
|
0-0: Ball 1-0: Foul Ball, location: 2F 1-1: SINGLE (Line Drive, 78S, EV 90.6 MPH)
|
|
Batting: RHB Steve Kunselman
|
0-0: Foul Ball, location: 2F 0-1: Ball Passed Ball! Aaron Bateman to second 1-1: Swinging Strike 1-2: 2-RUN HOME RUN (Flyball, 7LD, EV 96.9 MPH), Distance : 352 ft
|
|
Pitching: RHP Danny Gelinas
|
|
|
Pinch Hitting: LHB Mike Hamilton
|
0-0: Ball 1-0: Called Strike 1-1: SOLO HOME RUN (Flyball, 9LD, EV 91.9 MPH), Distance : 343 ft
|
|
Batting: RHB Sentos Alatas
|
0-0: Swinging Strike 0-1: Fly out, F7 (Flyball, 7LSF, EV 85.6 MPH)
|
|
Pinch Hitting: RHB Taffounnout Kame
|
0-0: Ball 1-0: Foul Ball, location: 2F 1-1: Ball 2-1: Ball 3-1: Base on Balls
|
|
Batting: LHB Chris Williams
|
0-0: Called Strike Taffounnout Kame steals 2nd, throwing error, E2 Taffounnout Kame to third 0-1: Ball 1-1: 2-RUN HOME RUN (Flyball, 9D, EV 96.2 MPH), Distance : 352 ft
|
|
Batting: RHB Justin Davenport
|
0-0: Ball 1-0: Swinging Strike 1-1: Ball 2-1: Foul Ball, location: 2F 2-2: Ball 3-2: Foul Ball, location: 2F 3-2: Fly out, F7 (Flyball, 7S, EV 98.1 MPH)
|
|
Batting: RHB Er Le
|
0-0: Called Strike 0-1: Ball 1-1: Ball 2-1: Reached on error, E5 (Groundball, 56S, EV 87.5 MPH)
|
|
Batting: RHB Chad Madsen
|
0-0: Ground out 4-3 (Groundball, 4, EV 78.8 MPH)
|
| Top of the 8th over - 7 runs, 5 hits, 2 errors, 1 left on base; Palm Beach 11 - Portland 8 |
| BOTTOM OF THE 8TH |
|
Portland Angels batting - Pitching for Palm Beach Nationals : RHP Ramiro Ramirez
|
|
Now at C: Kiyonaga Nakamura
|
|
|
Now at 3B: Taffounnout Kame
|
|
|
Batting: LHB Dave Hicks
|
0-0: SOLO HOME RUN (Flyball, 9LD, EV 95.0 MPH), Distance : 356 ft
|
|
Batting: RHB Dan Thomey
|
0-0: Called Strike 0-1: Foul Ball, location: 2F 0-2: Foul Ball, location: 2F 0-2: Strikes out swinging
|
|
Batting: LHB Ramon Garduno
|
0-0: Called Strike 0-1: Called Strike 0-2: Fly out, F7 (Flyball, 7D, EV 99.4 MPH)
|
|
Batting: LHB Bill Girton
|
0-0: Foul Ball, location: 2F 0-1: Ball 1-1: Ball 2-1: SINGLE (Groundball, 6, EV 106.9 MPH)
|
|
Pinch Hitting: RHB Daniel Molina
|
0-0: Fly out, F8 (Flyball, 8LS, EV 89.4 MPH)
|
| Bottom of the 8th over - 1 run, 2 hits, 0 errors, 1 left on base; Palm Beach 11 - Portland 9 |
| TOP OF THE 9TH |
|
Palm Beach Nationals batting - Pitching for Portland Angels : RHP Danny Gelinas
|
|
Now at 2B: Yuya Hirata
|
|
|
Batting: RHB Aaron Bateman
|
0-0: Called Strike 0-1: Ball 1-1: Foul Ball, location: 2F 1-2: Foul Ball, location: 2F 1-2: Ball 2-2: SINGLE (Groundball, 34D, EV 96.2 MPH)
|
|
Batting: RHB Steve Kunselman
|
0-0: Ball Aaron Bateman steals 2nd base 1-0: Foul Ball, location: 7LSF, Error on foul ball, E7 1-1: Foul Ball, location: 2F 1-2: Strikes out swinging
|
|
Batting: RHB Kiyonaga Nakamura
|
0-0: Intentional Walk
|
|
Batting: RHB Vasag Semerjian
|
0-0: Fly out, F7 (Flyball, 78M, EV 76.2 MPH)
|
|
Batting: RHB Taffounnout Kame
|
0-0: Called Strike 0-1: Called Strike 0-2: Ball 1-2: Strikes out swinging
|
| Top of the 9th over - 0 runs, 1 hit, 1 error, 2 left on base; Palm Beach 11 - Portland 9 |
| BOTTOM OF THE 9TH |
|
Portland Angels batting - Pitching for Palm Beach Nationals : RHP Ramiro Ramirez
|
|
Pinch Hitting: RHB Noah Pena
|
0-0: Ball 1-0: Fly out, F8 (Flyball, 89M, EV 84.4 MPH)
|
|
Pinch Hitting: RHB Dan Myers
|
0-0: Ball 1-0: SOLO HOME RUN (Flyball, 78XD, EV 95.6 MPH), Distance : 386 ft
|
|
Batting: RHB Aaron Bryant
|
0-0: Ball 1-0: Foul Ball, location: 2F 1-1: Swinging Strike 1-2: Ground out 4-3 (Groundball, 4, EV 88.1 MPH)
|
|
Pinch Hitting: RHB Brendan Garoutte
|
0-0: Ball 1-0: Ball 2-0: Fly out, F7 (Flyball, 7, EV 86.9 MPH)
|
| Bottom of the 9th over - 1 run, 1 hit, 0 errors, 0 left on base; Palm Beach 11 - Portland 10 |
|